 Dungeon Crawl Stone Soup version 0.18-a0-921-g28655ce (webtiles) character file.

56 Gorice the Scratcher (level 3, 0/17 HPs)
             Began as a Felid Wanderer on Dec 27, 2015.
             Slain by an orc priest
             ... wielding a +0 club
              (2 damage)
             ... on level 3 of the Dungeon.
             The game lasted 00:06:39 (2972 turns).

Gorice the Scratcher (Felid Wanderer)               Turns: 2972, Time: 00:06:39

Health: 0/17       AC:  1    Str:  9    XL:     3   Next: 69%
Magic:  4/4        EV: 15    Int: 13    God:
Gold:   58         SH:  0    Dex: 15    Spells: 0 memorised, 2 levels left
                                        Lives:  0   Deaths: 0

rFire  . . .     SeeInvis +       - Unarmed
rCold  . . .     Gourm    .     (armour unavailable)
rNeg   . . .     Faith    .     (shield unavailable)
rPois  .         Spirit   .     (helmet unavailable)
rElec  .         Dismiss  .     (cloak unavailable)
rCorr  .         Reflect  .     (gloves unavailable)
SustAt .         Harm     .     (boots unavailable)
MR     .....                    (no amulet)
Stlth  ++........               (no ring)
                                (no ring)

@: quick, not resistant to hostile enchantments, unstealthy
A: no armour, no weapons or thrown items, claws 1, fangs 3, see invisible,
carnivore 3, speed 1, shaggy fur 1, slow metabolism 1, sharp paws
a: no special abilities


You were on level 3 of the Dungeon.
You were completely stuffed.

You visited 1 branch of the dungeon, and saw 3 of its levels.

You collected 58 gold pieces.

Inventory:

Scrolls
 e - 3 scrolls of identify
 k - 2 scrolls of remove curse
Potions
 a - a potion of berserk rage
 c - a potion of lignification {!q}
 h - a potion of invisibility {!q}
 i - a potion of cancellation {!q}
Comestibles
 d - a meat ration {!e}
 f - 4 chunks of flesh


   Skills:
 + Level 3.6 Fighting
 - Level 1.3 Stealth
 * Level 5.8 Unarmed Combat
   Level 1.1 Evocations


You had 2 spell levels left.
You didn't know any spells.

Dungeon Overview and Level Annotations

Branches:
Dungeon (3/15)

Altars:
Fedhas
Pakellas

Annotations:
D:2 Ijyb
D:3 Gorice's ghost, amateur FeWn; Sigmund


Innate Abilities, Weirdness & Mutations

You cannot wear armour.
You are incapable of wielding weapons or throwing items.
You have sharp claws.
You have razor-sharp teeth.
You have supernaturally acute eyesight.
You are carnivorous and can eat meat at any time.
You cover ground quickly.
You are covered in fur (AC +1).
You have a slow metabolism.
Your sharp claws are effective at attacking unaware monsters.


Message History

The orc barely misses you.
You scratch the orc.
You kill the orc!
Things that are here:
a leather armour; an orc corpse; an orc corpse Butcher an orc corpse? [(y)es/(c)hoosy/(n)o/(a)ll/(e)dible/(q)uit/?]
You butcher the orc corpse. x2
f - 2 chunks of flesh;
f - 5 chunks of flesh (gained 3)
Things that are here:
a leather armour; an orc skeleton You start resting.
Eating one of 5 chunks of flesh.
This raw flesh tastes great.
You continue eating. x2
HP restored.
There is a stone staircase leading down here.
There is a stone staircase leading down here.
You climb downwards.
Level annotation: Sigmund A quokka, 3 jackals, a goblin and a player ghost come into view.
Found a stone staircase leading up.
There is a stone staircase leading up here.
Unknown command.
The jackal barks!
You climb upwards.
Level annotation: Ijyb
There is a stone staircase leading down here.
There is a stone staircase leading down here.
You climb downwards.
Level annotation: Gorice's ghost, amateur FeWn; Sigmund
There is a stone staircase leading up, spattered with blood here.
There is a stone staircase leading down here.
The orc priest hits you but does no damage.
You scratch the orc priest but do no damage.
You scratch the orc priest.
The orc priest is moderately wounded.
The orc priest calls down the wrath of Beogh upon you.
Something smites you!
Ouch! That really hurt!
* * * LOW HITPOINT WARNING * * *
Damage: 15 (max 15) Drink which item? (? for menu, Esc to quit)
You feel better. The orc priest hits you with a club.
* * * LOW HITPOINT WARNING * * *
You closely miss the orc priest.
The orc priest is moderately wounded.
The orc priest misses you.
You scratch the orc priest.
The orc priest is heavily wounded.
The orc priest hits you with a club.
You die...

##### #...###############
#........>..<......
#...##############.
##@##### @ #.###o###.## .
#........#.##########.
#####.#.###.....##....
#.##.#.####.##.##.
.#######.###.## #.#...#.
...........รท.# #.......
.#######.##..#######...##
#.##...........##


You could see an orc priest.

Vanquished Creatures
  An adder (D:2)
  An ooze (D:1)
  A worm (D:2)
  A giant gecko (D:2)
  2 orcs (D:2)
  3 hobgoblins (D:2)
  5 kobolds
  2 ball pythons
  6 bats
  7 giant cockroaches (D:1)
  2 giant newts
  3 goblins
  4 rats
38 creatures vanquished.

Vanquished Creatures (others)
  An ice dragon (D:2)
1 creature vanquished.

Grand Total: 39 creatures vanquished

Notes
Turn   | Place    | Note
--------------------------------------------------------------
     0 | D:1      | Gorice the Felid Wanderer began the quest for the Orb.
     0 | D:1      | Gorice set off with: a potion of berserk rage, a potion of curing, a potion of lignification {!q}, a meat ration {!e}
     0 | D:1      | Reached XP level 1. HP: 10/10 MP: 2/2
     1 | D:1      | Noticed a vampire
     1 | D:1      | Noticed a centaur
     4 | D:1      | Noticed an ogre
     6 | D:1      | Noticed a troll
     7 | D:1      | Noticed a troll
     9 | D:1      | Noticed a ghoul
    11 | D:1      | Noticed a felid
    16 | D:1      | Noticed a vine stalker
    16 | D:1      | Noticed a human
    18 | D:1      | Noticed a naga
    18 | D:1      | Noticed a spriggan
    18 | D:1      | Noticed a formicid
    22 | D:1      | Noticed a centaur
   311 | D:1      | HP: 1/10 [ooze (3)]
   312 | D:1      | Reached XP level 2. HP: 1/14 MP: 3/3
  1545 | D:2      | Reached XP level 3. HP: 13/17 MP: 4/4
  1553 | D:2      | Noticed Ijyb
  1594 | D:2      | Found an oddly glowing altar of Pakellas.
  1594 | D:2      | Noticed an ice dragon
  1635 | D:2      | Killed an ice dragon
  1879 | D:2      | Found a blossoming altar of Fedhas.
  2416 | D:2      | --pUX: Ijyb
  2484 | D:3      | Noticed Sigmund
  2513 | D:3      | HP: 5/17 [orc priest/divine providence (9)]
  2920 | D:3      | Noticed Gorice's ghost (amateur FeWn)
  2969 | D:3      | HP: 2/17 [orc priest/divine providence (15)]
  2972 | D:3      | Slain by an orc priest

Vault maps used:
D:1:      shiori_arrival_whats_in_store_for_you, st_stairs_2,
          minmay_misc_feat_room
D:2:      marbit_many_paths, gammafunk_pakellas_cloud_experiment, uniq_iyjb
D:3:      uniq_sigmund

Action                   || total
-------------------------++-------
Melee: Unarmed           ||    88
  Use: Scroll            ||     5
       Potion            ||     1
 Stab: Sleeping          ||     3
  Eat: Chunk             ||    11

Table legend:
 A = Turns spent in this place as a percentage of turns spent in the entire game.
 B = Non-inter-level travel turns spent in this place as a percentage of non-inter-level travel turns spent in the entire game.
 C = Inter-level travel turns spent in this place as a percentage of turns spent in this place.
 D = Turns resting spent in this place as a percentage of non-inter-level travel turns spent in this place.
 E = Turns spent auto-exploring this place as a percentage of non-inter-level travel turns spent in this place.
 F = Non-inter-level travel turns spent in this place divided by the number of levels of this place that you've seen.
                   A       B       C       D       E      F
               +-------+-------+-------+-------+-------+----------------------
         Total | 100.0 | 100.0 |   0.8 |   3.5 |   6.8 | 206.7
       Dungeon | 100.0 | 100.0 |   0.8 |   3.5 |   6.8 | 206.7
               +-------+-------+-------+-------+-------+----------------------

Vault maps used:
D:1:      shiori_arrival_whats_in_store_for_you, st_stairs_2,
          minmay_misc_feat_room
D:2:      marbit_many_paths, gammafunk_pakellas_cloud_experiment, uniq_iyjb
D:3:      uniq_sigmund
